Nashville Predators vs Pittsburgh Penguins
(R1)
Created - Thursday, November 27, 2025 at 08:53
Goals
|
| Nashville Predators |
1 |
2 |
0 |
3 |
| Pittsburgh Penguins |
0 |
1 |
0 |
1 |
|
Shots
|
| Nashville Predators |
15 |
13 |
11 |
39 |
| Pittsburgh Penguins |
8 |
16 |
7 |
31 |
|
1st period
1. Nashville Predators , Yegor Sharangovich 2 (Ryan Hartman 1, Jack Roslovic 2) at 16:43
Penalties :
Travis Sanheim (PIT) for Slashing (Minor) at 17:10
2nd period
2. Nashville Predators , Simon Benoit 1 (Marco Kasper 1) at 1:26
3. Pittsburgh Penguins , Zemgus Girgensons 1 (Travis Sanheim 1, Erik Karlsson 2) at 11:25
4. Nashville Predators , Jack Roslovic 2 (Dmitri Voronkov 2) at 13:17 (PP)
Penalties :
John-Jason Peterka (NSH) for Roughing (Minor) at 8:41, Carson Soucy (PIT) for Interference (Minor) at 12:21, Dmitri Voronkov (NSH) for Boarding (Minor) at 16:17, Kale Clague (PIT) for Slashing (Minor) at 19:57
3rd period
No Goal
Penalties :
Kale Clague (PIT) for Hooking (Minor) at 7:38, Robby Fabbri (NSH) for High sticking (Minor) at 12:36, Ryan O'Reilly (PIT) for Interference (Minor) at 18:02
Goalie Stats
Anthony Stolarz (NSH), 30 saves from 31 shots - (0.968), W, 3-0-0, 60:00 minutes
John Gibson (PIT), 36 saves from 39 shots - (0.923), L, 0-3-0, 60:00 minutes
Players Stats for Nashville Predators
Player Name G A P +/- PIM S H SB GA TA FO MP PP MP PK MP
------------------------------------------------------------------------------------
Alex Pietrangelo 0 0 0 1 0 0 1 1 0 0 0/0 24:44 4:21 3:49
Brandon Montour 0 0 0 -1 0 1 1 2 0 0 0/0 16:54 4:21 0:00
Dante Fabbro 0 0 0 -1 0 1 0 0 0 0 0/0 14:52 0:00 2:08
Dmitri Voronkov 0 1 1 0 2 6 4 0 1 0 0/0 15:57 3:52 0:37
Eetu Luostarinen 0 0 0 0 0 3 3 0 1 0 1/3 18:36 0:07 3:14
Jack Roslovic 1 1 2 0 0 3 2 0 0 1 1/3 12:23 3:52 0:00
Jani Nyman 0 0 0 0 0 0 3 0 1 0 0/0 11:12 0:00 0:00
Jean-Gabriel Pageau 0 0 0 0 0 1 0 0 1 0 7/11 18:28 3:52 3:14
John-Jason Peterka 0 0 0 0 2 2 1 3 1 0 2/4 19:24 4:58 0:00
Jordan Spence 0 0 0 1 0 2 0 0 0 0 0/0 20:20 4:29 0:00
Marco Kasper 0 1 1 1 0 2 1 1 1 0 11/20 15:00 4:51 0:00
Pius Suter 0 0 0 0 0 3 2 2 0 0 9/22 21:56 4:58 2:15
Rasmus Andersson 0 0 0 1 0 0 3 2 0 3 0/0 25:20 4:29 3:49
Robby Fabbri 0 0 0 1 2 1 2 1 0 0 0/1 11:12 0:00 0:13
Ryan Hartman 0 1 1 0 0 1 2 0 0 0 0/0 8:30 0:00 0:00
Simon Benoit 1 0 1 1 0 4 1 2 0 1 0/0 17:20 0:00 2:08
Yegor Chinakhov 0 0 0 1 0 4 0 0 0 1 0/0 11:04 0:00 0:17
Yegor Sharangovich 1 0 1 0 0 5 0 0 0 0 1/1 10:48 0:00 2:04
Players Stats for Pittsburgh Penguins
Player Name G A P +/- PIM S H SB GA TA FO MP PP MP PK MP
------------------------------------------------------------------------------------
Blake Coleman 0 0 0 0 0 1 3 0 0 0 2/2 11:54 0:00 0:00
Brian Dumoulin 0 0 0 -2 0 1 1 2 0 1 0/0 22:50 3:14 4:46
Carson Soucy 0 0 0 0 2 0 0 1 0 1 0/0 22:50 3:14 4:16
Christian Dvorak 0 0 0 1 0 2 1 0 0 0 1/1 7:29 0:00 0:29
Erik Karlsson 0 1 1 1 0 2 0 2 2 0 0/0 22:32 2:43 4:38
Gabriel Vilardi 0 0 0 -1 0 1 2 2 1 0 0/1 15:46 3:04 0:00
Jordan Eberle 0 0 0 0 0 1 0 0 0 0 0/0 11:54 0:00 0:00
Kale Clague 0 0 0 -2 4 0 0 1 1 0 0/0 15:40 0:00 0:24
Leon Draisaitl 0 0 0 -1 0 4 1 0 0 2 12/17 20:08 2:53 3:51
Mitchell Marner 0 0 0 -1 0 2 0 0 0 0 1/9 20:44 2:53 4:27
Pavel Buchnevich 0 0 0 0 0 2 2 1 0 0 3/10 12:55 0:00 1:00
Phillip Danault 0 0 0 1 0 2 0 0 0 0 0/2 7:00 0:00 0:00
Ryan O'Reilly 0 0 0 -1 2 4 0 0 1 0 12/20 19:15 3:04 3:18
Sam Reinhart 0 0 0 -1 0 2 3 1 0 0 2/3 20:54 2:53 4:24
Tage Thompson 0 0 0 -1 0 3 2 0 0 0 0/0 15:46 3:04 0:00
Travis Sanheim 0 1 1 1 2 2 3 1 0 1 0/0 21:31 2:43 3:36
Yan Kuznetsov 0 0 0 0 0 0 1 0 1 1 0/0 14:46 0:00 0:00
Zemgus Girgensons 1 0 1 1 0 2 1 0 0 0 0/0 7:11 0:00 0:11
3 Stars
1 - Anthony Stolarz (NSH)
2 - Jack Roslovic (NSH)
3 - Simon Benoit (NSH)
Power Play
Nashville Predators - 1 on 5 Attempt(s) - 20.00%
Pittsburgh Penguins - 0 on 3 Attempt(s) - 0.00%
Penalty Kill
Nashville Predators - 3 on 3 Attempt(s) - 100.00%
- Score 0 goal in Penalty Kill
Pittsburgh Penguins - 4 on 5 Attempt(s) - 80.00%
- Score 0 goal in Penalty Kill
Team Stat
Nashville Predators - Hits : 26 - Faceoff Wins : 32 - Blocked Shots : 14 - Penalty Minutes : 6
Pittsburgh Penguins - Hits : 20 - Faceoff Wins : 33 - Blocked Shots : 11 - Penalty Minutes : 10
Official
Referees : Michael Markovic and Ian Walsh
Linesman : Ryan Daisy and Dan Kelly
Game Notes
No Game Note
Finance
Level 1 -- Attendance: 5225 (87.08%) -- Ticket Income $522,500
Level 2 -- Attendance: 4421 (88.42%) -- Ticket Income $265,260
Level 3 -- Attendance: 2651 (88.37%) -- Ticket Income $92,785
Level 4 -- Attendance: 3988 (79.76%) -- Ticket Income $99,700
Luxury Box -- Attendance: 982 (98.20%) -- Ticket Income $196,400
Game was played at the Consol Energy Center.
Total Attendance: 17267 (86.34%)
Total Ticket Income: $1,176,645
Other Income: $411,826
Total Income: $1,588,471
Nashville Predators
5 vs 5 Forward
Center Left Wing Right Wing Time % Phy DF OF
1 Pius Suter Eetu Luostarinen John-Jason Peterka 35 0 1 4
2 Jean-Gabriel Pageau Dmitri Voronkov Jani Nyman 25 0 2 3
3 Marco Kasper Yegor Chinakhov Robby Fabbri 25 0 2 3
4 Jack Roslovic Yegor Sharangovich Ryan Hartman 15 0 2 3
5 vs 5 Defense
Defense Defense Time % Phy DF OF
1 Alex Pietrangelo Rasmus Andersson 40 1 2 2
2 Jordan Spence Simon Benoit 36 1 2 2
3 Brandon Montour Dante Fabbro 24 0 3 2
4 Dante Fabbro Brandon Montour 0 1 3 1
PowerPlay Forward
Center Left Wing Right Wing Time % Phy DF OF
1 Marco Kasper John-Jason Peterka Pius Suter 65 1 1 3
2 Jean-Gabriel Pageau Dmitri Voronkov Jack Roslovic 35 1 1 3
PowerPlay Defense
Defense Defense Time % Phy DF OF
1 Brandon Montour Alex Pietrangelo 50 1 1 3
2 Jordan Spence Rasmus Andersson 50 2 2 1
Penalty Kill 4 Players Forward
Center Wing Time % Phy DF OF
1 Jean-Gabriel Pageau Eetu Luostarinen 65 1 2 2
2 Pius Suter Robby Fabbri 35 1 2 2
Penalty Kill 4 Players Defense
Defense Defense Time % Phy DF OF
1 Alex Pietrangelo Rasmus Andersson 60 2 3 0
2 Simon Benoit Dante Fabbro 40 1 3 1
Penalty Kill - 3 Players Forward
Forward Time % Phy DF OF
1 Jean-Gabriel Pageau 50 1 2 2
2 Pius Suter 50 1 2 2
Penalty Kill - 3 Players Defense
Defense Defense Time % Phy DF OF
1 Alex Pietrangelo Rasmus Andersson 50 1 2 2
2 Simon Benoit Dante Fabbro 50 1 2 2
4 vs 4 Forward
Center Wing Time % Phy DF OF
1 Jean-Gabriel Pageau Eetu Luostarinen 50 1 2 2
2 Pius Suter Robby Fabbri 50 1 2 2
4 vs 4 Defense
Defense Defense Time % Phy DF OF
1 Rasmus Andersson Alex Pietrangelo 60 2 2 1
2 Dante Fabbro Simon Benoit 40 2 2 1
Last Minutes Offensive
Center Left Wing Right Wing Defense Defense
Jean-Gabriel Pageau Pius Suter John-Jason Peterka Dmitri Voronkov Brandon Montour
Last Minutes Defensive
Center Left Wing Right Wing Defense Defense
Jean-Gabriel Pageau Pius Suter Robby Fabbri Alex Pietrangelo Rasmus Andersson
Goaltenders
Starting : Anthony Stolarz
Backup : Samuel Ersson
Extra Forwards
Normal : Dmitri Voronkov, Pius Suter, Eetu Luostarinen - PP : Eetu Luostarinen, Jean-Gabriel Pageau - PK : Eetu Luostarinen
Extra Defensemen
Normal : Rasmus Andersson, Dante Fabbro, Simon Benoit - PP : Rasmus Andersson - PK : Dante Fabbro, Brandon Montour
Penalty Shots
Dmitri Voronkov, Jack Roslovic, John-Jason Peterka, Pius Suter, Yegor Chinakhov
Scratches
Evan Rodrigues (Healthy), Parker Wotherspoon (Healthy), Nick Perbix (Healthy), Thatcher Demko (Healthy), Mads Sogaard (Healthy)
Pittsburgh Penguins
5 vs 5 Forward
Center Left Wing Right Wing Time % Phy DF OF
1 Leon Draisaitl Sam Reinhart Mitchell Marner 30 1 2 2
2 Ryan O'Reilly Tage Thompson Gabriel Vilardi 30 1 2 2
3 Pavel Buchnevich Blake Coleman Jordan Eberle 25 1 2 2
4 Phillip Danault Christian Dvorak Zemgus Girgensons 15 1 2 2
5 vs 5 Defense
Defense Defense Time % Phy DF OF
1 Travis Sanheim Erik Karlsson 35 1 2 2
2 Brian Dumoulin Kale Clague 35 1 2 2
3 Carson Soucy Yan Kuznetsov 30 1 2 2
4 Travis Sanheim Erik Karlsson 0 1 2 2
PowerPlay Forward
Center Left Wing Right Wing Time % Phy DF OF
1 Leon Draisaitl Sam Reinhart Mitchell Marner 50 1 2 2
2 Ryan O'Reilly Tage Thompson Gabriel Vilardi 50 1 2 2
PowerPlay Defense
Defense Defense Time % Phy DF OF
1 Travis Sanheim Erik Karlsson 50 1 2 2
2 Brian Dumoulin Carson Soucy 50 1 2 2
Penalty Kill 4 Players Forward
Center Wing Time % Phy DF OF
1 Mitchell Marner Leon Draisaitl 50 1 2 2
2 Sam Reinhart Ryan O'Reilly 50 1 2 2
Penalty Kill 4 Players Defense
Defense Defense Time % Phy DF OF
1 Travis Sanheim Erik Karlsson 50 1 2 2
2 Brian Dumoulin Carson Soucy 50 1 2 2
Penalty Kill - 3 Players Forward
Forward Time % Phy DF OF
1 Mitchell Marner 50 1 2 2
2 Leon Draisaitl 50 1 2 2
Penalty Kill - 3 Players Defense
Defense Defense Time % Phy DF OF
1 Travis Sanheim Erik Karlsson 50 1 2 2
2 Brian Dumoulin Carson Soucy 50 1 2 2
4 vs 4 Forward
Center Wing Time % Phy DF OF
1 Mitchell Marner Leon Draisaitl 50 1 2 2
2 Sam Reinhart Ryan O'Reilly 50 1 2 2
4 vs 4 Defense
Defense Defense Time % Phy DF OF
1 Travis Sanheim Erik Karlsson 50 1 2 2
2 Brian Dumoulin Carson Soucy 50 1 2 2
Last Minutes Offensive
Center Left Wing Right Wing Defense Defense
Leon Draisaitl Sam Reinhart Mitchell Marner Travis Sanheim Erik Karlsson
Last Minutes Defensive
Center Left Wing Right Wing Defense Defense
Leon Draisaitl Sam Reinhart Mitchell Marner Travis Sanheim Erik Karlsson
Goaltenders
Starting : John Gibson
Backup : Jordan Binnington
Extra Forwards
Normal : Christian Dvorak, Zemgus Girgensons, Leon Draisaitl - PP : Christian Dvorak, Zemgus Girgensons - PK : Mitchell Marner
Extra Defensemen
Normal : Carson Soucy, Erik Karlsson, Brian Dumoulin - PP : Carson Soucy - PK : Travis Sanheim, Brian Dumoulin
Penalty Shots
Mitchell Marner, Leon Draisaitl, Sam Reinhart, Ryan O'Reilly, Tage Thompson
Scratches
Erik Gudbranson (Healthy), Jack Finley (Healthy), Mattias Ekholm (Healthy), Justin Kirkland (Healthy), Michael DiPietro (Healthy)
% Time on Ice - Nashville Predators
Lines # - Real PCT - Wanted PCT - Time Play
Normal Forward
1 - 33% - 35% - 14:49
2 - 25% - 25% - 11:13
3 - 24% - 25% - 10:41
4 - 19% - 15% - 8:30
Normal Defense
1 - 38% - 40% - 17:04
2 - 35% - 36% - 15:51
3 - 26% - 24% - 11:37
4 - 2% - 0% - 0:41
PP Forward
1 - 56% - 65% - 4:58
2 - 44% - 35% - 3:52
PP Defense
1 - 49% - 50% - 4:21
2 - 51% - 50% - 4:29
PK Forward
1 - 96% - 65% - 5:44
2 - 4% - 35% - 0:13
PK Defense
1 - 64% - 60% - 3:49
2 - 36% - 40% - 2:08
PK3 Forward
1 - 0% - 50%
2 - 0% - 50%
PK3 Defense
1 - 0% - 50%
2 - 0% - 50%
44 Forward
1 - 0% - 50%
2 - 0% - 50%
44 Defense
1 - 0% - 60%
2 - 0% - 40%
Last Minute Offensive - 0:00
Last Minute Defensive - 0:00
Total
Forward - 60:00
Defense - 60:00
|
% Time on Ice - Pittsburgh Penguins
Lines # - Real PCT - Wanted PCT - Time Play
Normal Forward
1 - 30% - 30% - 13:24
2 - 29% - 30% - 12:55
3 - 26% - 25% - 11:54
4 - 15% - 15% - 7:00
Normal Defense
1 - 35% - 35% - 15:37
2 - 33% - 35% - 14:50
3 - 33% - 30% - 14:46
4 - 0% - 0% - 0:00
PP Forward
1 - 48% - 50% - 2:53
2 - 52% - 50% - 3:04
PP Defense
1 - 46% - 50% - 2:43
2 - 54% - 50% - 3:14
PK Forward
1 - 45% - 50% - 3:57
2 - 55% - 50% - 4:53
PK Defense
1 - 55% - 50% - 4:51
2 - 45% - 50% - 3:59
PK3 Forward
1 - 0% - 50%
2 - 0% - 50%
PK3 Defense
1 - 0% - 50%
2 - 0% - 50%
44 Forward
1 - 0% - 50%
2 - 0% - 50%
44 Defense
1 - 0% - 50%
2 - 0% - 50%
Last Minute Offensive - 0:00
Last Minute Defensive - 0:00
Total
Forward - 60:00
Defense - 60:00
|
Play-by-Play
1st period
0:01 of 1st period - Leon Draisaitl wins face-off versus Pius Suter in neutral zone.
0:31 of 1st period - Slapshot by Gabriel Vilardi.
0:31 of 1st period - Stopped by Anthony Stolarz without a rebound.
0:32 of 1st period - Marco Kasper wins face-off versus Pavel Buchnevich in Nashville Predators zone.
0:45 of 1st period - Wrist shot by Yegor Chinakhov.
0:45 of 1st period - Shot Misses the Net.
0:57 of 1st period - Jordan Spence is hit by Brian Dumoulin and loses puck.
1:24 of 1st period - Backhand shot by Jack Roslovic.
1:24 of 1st period - Stopped by John Gibson with a rebound.
1:26 of 1st period - Slapshot by Simon Benoit.
1:26 of 1st period - Stopped by John Gibson with a rebound.
1:28 of 1st period - Slapshot by Jordan Spence.
1:28 of 1st period - Deflect By Dmitri Voronkov.
1:28 of 1st period - Stopped by John Gibson with a rebound.
1:30 of 1st period - Slapshot by Simon Benoit.
1:30 of 1st period - Stopped by John Gibson with a rebound.
1:40 of 1st period - Snap shot by Yegor Chinakhov.
1:40 of 1st period - Stopped by John Gibson without a rebound.
1:41 of 1st period - Leon Draisaitl wins face-off versus Marco Kasper in Pittsburgh Penguins zone.
1:58 of 1st period - Wrist shot by Mitchell Marner.
1:58 of 1st period - Stopped by Anthony Stolarz with a rebound.
3:13 of 1st period - Dante Fabbro is hit by Yan Kuznetsov and loses puck.
4:20 of 1st period - Wrist shot by Ryan O'Reilly.
4:20 of 1st period - Stopped by Anthony Stolarz with a rebound.
4:22 of 1st period - Wrist shot by Ryan O'Reilly.
4:22 of 1st period - Stopped by Anthony Stolarz with a rebound.
4:24 of 1st period - Snap shot by Ryan O'Reilly.
4:24 of 1st period - Stopped by Anthony Stolarz with a rebound.
4:46 of 1st period - Wrist shot by John-Jason Peterka.
4:46 of 1st period - Shot Blocked by Brian Dumoulin.
5:00 of 1st period - Wrist shot by Marco Kasper.
5:00 of 1st period - Stopped by John Gibson without a rebound.
5:01 of 1st period - Jean-Gabriel Pageau wins face-off versus Phillip Danault in Pittsburgh Penguins zone.
5:14 of 1st period - Wrist shot by Phillip Danault.
5:14 of 1st period - Stopped by Anthony Stolarz with a rebound.
5:16 of 1st period - Snap shot by Phillip Danault.
5:16 of 1st period - Shot Misses the Net.
5:25 of 1st period - Icing by Simon Benoit.
5:26 of 1st period - Jean-Gabriel Pageau wins face-off versus Ryan O'Reilly in Nashville Predators zone.
6:35 of 1st period - Wrist shot by Tage Thompson.
6:35 of 1st period - Shot Misses the Net.
6:37 of 1st period - Snap shot by Tage Thompson.
6:37 of 1st period - Stopped by Anthony Stolarz with a rebound.
6:41 of 1st period - Wrist shot by Tage Thompson.
6:41 of 1st period - Shot Misses the Net.
7:15 of 1st period - Slapshot by Tage Thompson.
7:15 of 1st period - Shot Misses the Net.
7:41 of 1st period - Snap shot by Dmitri Voronkov.
7:41 of 1st period - Stopped by John Gibson without a rebound.
7:42 of 1st period - Leon Draisaitl wins face-off versus Pius Suter in Pittsburgh Penguins zone.
8:39 of 1st period - Wrist shot by Robby Fabbri.
8:39 of 1st period - Shot Misses the Net.
9:41 of 1st period - Carson Soucy is hit by Rasmus Andersson and loses puck.
10:40 of 1st period - Snap shot by John-Jason Peterka.
10:40 of 1st period - Shot Blocked by Sam Reinhart.
10:52 of 1st period - Sam Reinhart is hit by Alex Pietrangelo and loses puck.
11:09 of 1st period - Mitchell Marner is hit by Ryan Hartman and loses puck.
11:32 of 1st period - Zemgus Girgensons is hit by Rasmus Andersson and loses puck.
12:09 of 1st period - Phillip Danault is hit by Eetu Luostarinen and loses puck.
13:56 of 1st period - Icing by Robby Fabbri.
13:57 of 1st period - Marco Kasper wins face-off versus Leon Draisaitl in Nashville Predators zone.
14:20 of 1st period - Snap shot by Pavel Buchnevich.
14:20 of 1st period - Shot Misses the Net.
14:42 of 1st period - Snap shot by Yegor Chinakhov.
14:42 of 1st period - Shot Misses the Net.
14:50 of 1st period - Wrist shot by Marco Kasper.
14:50 of 1st period - Shot Blocked by Brian Dumoulin.
15:06 of 1st period - Slapshot by Dmitri Voronkov.
15:06 of 1st period - Stopped by John Gibson with a rebound.
15:08 of 1st period - Slapshot by Dante Fabbro.
15:08 of 1st period - Stopped by John Gibson without a rebound.
15:09 of 1st period - Leon Draisaitl wins face-off versus Pius Suter in Pittsburgh Penguins zone.
15:46 of 1st period - Marco Kasper is hit by Travis Sanheim.
16:00 of 1st period - Jani Nyman is hit by Tage Thompson and loses puck.
16:23 of 1st period - Wrist shot by Yegor Sharangovich.
16:23 of 1st period - Stopped by John Gibson without a rebound.
16:24 of 1st period - Leon Draisaitl wins face-off versus Jack Roslovic in Pittsburgh Penguins zone.
16:35 of 1st period - Slapshot by Yegor Sharangovich.
16:35 of 1st period - Stopped by John Gibson with a rebound.
16:37 of 1st period - Slapshot by Yegor Sharangovich.
16:37 of 1st period - Shot Misses the Net.
16:39 of 1st period - Wrist shot by Yegor Sharangovich.
16:39 of 1st period - Stopped by John Gibson with a rebound.
16:41 of 1st period - Wrist shot by Yegor Sharangovich.
16:41 of 1st period - Shot Blocked by Kale Clague.
16:43 of 1st period - Wrist shot by Ryan Hartman.
16:43 of 1st period - Deflect By Yegor Sharangovich.
16:43 of 1st period - Goal by Yegor Sharangovich - Nashville Predators : 1 - Pittsburgh Penguins : 0.
16:44 of 1st period - Pius Suter wins face-off versus Pavel Buchnevich in neutral zone.
17:03 of 1st period - Erik Karlsson is hit by Eetu Luostarinen and loses puck.
17:10 of 1st period - Minor Penalty to Travis Sanheim for Slashing.
17:11 of 1st period - Marco Kasper wins face-off versus Leon Draisaitl in Pittsburgh Penguins zone.
17:14 of 1st period - Backhand shot by John-Jason Peterka.
17:14 of 1st period - Deflect By Pius Suter.
17:14 of 1st period - Stopped by John Gibson without a rebound.
17:15 of 1st period - Marco Kasper wins face-off versus Mitchell Marner in Pittsburgh Penguins zone.
17:22 of 1st period - Wrist shot by Pius Suter.
17:22 of 1st period - Stopped by John Gibson with a rebound.
17:24 of 1st period - Snap shot by Pius Suter.
17:24 of 1st period - Deflect By Marco Kasper.
17:24 of 1st period - Shot Misses the Net.
17:24 of 1st period - Puck is out of play.
17:25 of 1st period - Sam Reinhart wins face-off versus Marco Kasper in Pittsburgh Penguins zone.
18:11 of 1st period - Alex Pietrangelo is hit by Sam Reinhart and loses puck.
18:22 of 1st period - Leon Draisaitl is hit by Dmitri Voronkov and loses puck.
19:10 of 1st period - Penalty to Travis Sanheim is over, Travis Sanheim is back on ice.
19:47 of 1st period - Jani Nyman is hit by Christian Dvorak and loses puck.
19:56 of 1st period - Snap shot by Phillip Danault.
19:56 of 1st period - Stopped by Anthony Stolarz with a rebound.
19:58 of 1st period - Snap shot by Zemgus Girgensons.
19:58 of 1st period - Shot Hit the Post.
Goals for this period are 1 for Nashville Predators vs 0 for Pittsburgh Penguins.
Shots for this period are 15 for Nashville Predators vs 8 for Pittsburgh Penguins.
2nd period
0:01 of 2nd period - Pius Suter wins face-off versus Mitchell Marner in neutral zone.
0:04 of 2nd period - Mitchell Marner is hit by Pius Suter and loses puck.
0:09 of 2nd period - Backhand shot by John-Jason Peterka.
0:09 of 2nd period - Stopped by John Gibson without a rebound.
0:10 of 2nd period - Leon Draisaitl wins face-off versus Pius Suter in Pittsburgh Penguins zone.
0:45 of 2nd period - Snap shot by Mitchell Marner.
0:45 of 2nd period - Stopped by Anthony Stolarz with a rebound.
0:57 of 2nd period - Wrist shot by Eetu Luostarinen.
0:57 of 2nd period - Stopped by John Gibson without a rebound.
0:58 of 2nd period - Marco Kasper wins face-off versus Gabriel Vilardi in Pittsburgh Penguins zone.
1:19 of 2nd period - Marco Kasper is hit by Gabriel Vilardi and loses puck.
1:26 of 2nd period - Slapshot by Simon Benoit.
1:26 of 2nd period - Deflect By Gabriel Vilardi.
1:26 of 2nd period - Goal by Simon Benoit - Nashville Predators : 2 - Pittsburgh Penguins : 0.
1:27 of 2nd period - Ryan O'Reilly wins face-off versus Pius Suter in neutral zone.
1:30 of 2nd period - Slapshot by Tage Thompson.
1:30 of 2nd period - Stopped by Anthony Stolarz with a rebound.
1:38 of 2nd period - Wrist shot by Gabriel Vilardi.
1:38 of 2nd period - Shot Misses the Net.
1:41 of 2nd period - Icing by Jordan Spence.
1:42 of 2nd period - Leon Draisaitl wins face-off versus Pius Suter in Nashville Predators zone.
2:07 of 2nd period - Eetu Luostarinen is hit by Tage Thompson and loses puck.
2:14 of 2nd period - Backhand shot by Ryan O'Reilly.
2:14 of 2nd period - Stopped by Anthony Stolarz with a rebound.
3:11 of 2nd period - Backhand shot by Jordan Eberle.
3:11 of 2nd period - Deflect By Simon Benoit.
3:11 of 2nd period - Shot Blocked by Pius Suter.
3:11 of 2nd period - Puck is out of play.
3:12 of 2nd period - Leon Draisaitl wins face-off versus Marco Kasper in Nashville Predators zone.
3:15 of 2nd period - Wrist shot by Leon Draisaitl.
3:15 of 2nd period - Shot Blocked by Alex Pietrangelo.
4:33 of 2nd period - Wrist shot by Leon Draisaitl.
4:33 of 2nd period - Stopped by Anthony Stolarz with a rebound.
4:35 of 2nd period - Slapshot by Yan Kuznetsov.
4:35 of 2nd period - Shot Misses the Net.
4:45 of 2nd period - Snap shot by Mitchell Marner.
4:45 of 2nd period - Shot Misses the Net.
4:47 of 2nd period - Snap shot by Sam Reinhart.
4:47 of 2nd period - Stopped by Anthony Stolarz without a rebound.
4:48 of 2nd period - Ryan O'Reilly wins face-off versus Robby Fabbri in Nashville Predators zone.
5:03 of 2nd period - Tage Thompson is hit by Robby Fabbri and loses puck.
5:14 of 2nd period - Alex Pietrangelo is hit by Blake Coleman and loses puck.
5:19 of 2nd period - Snap shot by Pavel Buchnevich.
5:19 of 2nd period - Stopped by Anthony Stolarz without a rebound.
5:20 of 2nd period - Pavel Buchnevich wins face-off versus John-Jason Peterka in Nashville Predators zone.
5:25 of 2nd period - Wrist shot by Jordan Eberle.
5:25 of 2nd period - Shot Blocked by John-Jason Peterka.
5:27 of 2nd period - Slapshot by Kale Clague.
5:27 of 2nd period - Shot Blocked by Rasmus Andersson.
5:45 of 2nd period - Wrist shot by Phillip Danault.
5:45 of 2nd period - Shot Blocked by Pius Suter.
5:47 of 2nd period - Slapshot by Kale Clague.
5:47 of 2nd period - Shot Blocked by John-Jason Peterka.
5:51 of 2nd period - Snap shot by Christian Dvorak.
5:51 of 2nd period - Shot Misses the Net.
5:53 of 2nd period - Snap shot by Brian Dumoulin.
5:53 of 2nd period - Shot Misses the Net.
5:55 of 2nd period - Snap shot by Christian Dvorak.
5:55 of 2nd period - Stopped by Anthony Stolarz with a rebound.
5:57 of 2nd period - Wrist shot by Phillip Danault.
5:57 of 2nd period - Deflect By Christian Dvorak.
5:57 of 2nd period - Stopped by Anthony Stolarz without a rebound.
5:58 of 2nd period - Ryan O'Reilly wins face-off versus Marco Kasper in Nashville Predators zone.
6:06 of 2nd period - Off-side.
6:07 of 2nd period - Ryan O'Reilly wins face-off versus Marco Kasper in neutral zone.
6:24 of 2nd period - Snap shot by Yegor Chinakhov.
6:24 of 2nd period - Deflect By Ryan O'Reilly.
6:24 of 2nd period - Stopped by John Gibson with a rebound.
6:26 of 2nd period - Snap shot by Robby Fabbri.
6:26 of 2nd period - Deflect By Yegor Chinakhov.
6:26 of 2nd period - Shot Misses the Net.
6:26 of 2nd period - Puck is out of play.
6:27 of 2nd period - Pavel Buchnevich wins face-off versus Pius Suter in Pittsburgh Penguins zone.
6:43 of 2nd period - Snap shot by Jordan Eberle.
6:43 of 2nd period - Deflect By Pavel Buchnevich.
6:43 of 2nd period - Stopped by Anthony Stolarz with a rebound.
6:53 of 2nd period - Gabriel Vilardi is hit by Robby Fabbri and loses puck.
6:58 of 2nd period - Wrist shot by Yegor Chinakhov.
6:58 of 2nd period - Stopped by John Gibson without a rebound.
6:59 of 2nd period - Marco Kasper wins face-off versus Ryan O'Reilly in Pittsburgh Penguins zone.
7:00 of 2nd period - Wrist shot by Yegor Chinakhov.
7:00 of 2nd period - Stopped by John Gibson without a rebound.
7:01 of 2nd period - Pius Suter wins face-off versus Ryan O'Reilly in Pittsburgh Penguins zone.
7:04 of 2nd period - Snap shot by John-Jason Peterka.
7:04 of 2nd period - Shot Misses the Net.
7:06 of 2nd period - Snap shot by Brandon Montour.
7:06 of 2nd period - Stopped by John Gibson without a rebound.
7:07 of 2nd period - Ryan O'Reilly wins face-off versus Pius Suter in Pittsburgh Penguins zone.
7:07 of 2nd period - Ryan O'Reilly is hit by John-Jason Peterka.
7:18 of 2nd period - Wrist shot by Eetu Luostarinen.
7:18 of 2nd period - Stopped by John Gibson with a rebound.
7:20 of 2nd period - Wrist shot by Pius Suter.
7:20 of 2nd period - Shot Blocked by Gabriel Vilardi.
7:47 of 2nd period - Yegor Chinakhov is hit by Leon Draisaitl and loses puck.
8:23 of 2nd period - Off-side.
8:24 of 2nd period - Christian Dvorak wins face-off versus Pius Suter in neutral zone.
8:39 of 2nd period - Slapshot by Phillip Danault.
8:39 of 2nd period - Shot Blocked by Brandon Montour.
8:41 of 2nd period - Minor Penalty to John-Jason Peterka for Roughing.
8:42 of 2nd period - Jean-Gabriel Pageau wins face-off versus Leon Draisaitl in Nashville Predators zone.
10:33 of 2nd period - Carson Soucy is hit by Dmitri Voronkov and loses puck.
10:41 of 2nd period - Penalty to John-Jason Peterka is over, John-Jason Peterka is back on ice.
10:53 of 2nd period - Off-side.
10:54 of 2nd period - Blake Coleman wins face-off versus Marco Kasper in neutral zone.
10:59 of 2nd period - Snap shot by Erik Karlsson.
10:59 of 2nd period - Shot Blocked by Robby Fabbri.
11:19 of 2nd period - Snap shot by Phillip Danault.
11:19 of 2nd period - Shot Blocked by Brandon Montour.
11:21 of 2nd period - Wrist shot by Zemgus Girgensons.
11:21 of 2nd period - Stopped by Anthony Stolarz with a rebound.
11:23 of 2nd period - Slapshot by Erik Karlsson.
11:23 of 2nd period - Shot Misses the Net.
11:25 of 2nd period - Snap shot by Travis Sanheim.
11:25 of 2nd period - Deflect By Zemgus Girgensons.
11:25 of 2nd period - Goal by Zemgus Girgensons - Nashville Predators : 2 - Pittsburgh Penguins : 1.
11:26 of 2nd period - Pius Suter wins face-off versus Ryan O'Reilly in neutral zone.
12:01 of 2nd period - Carson Soucy is hit by Jani Nyman and loses puck.
12:16 of 2nd period - Yan Kuznetsov is hit by Jack Roslovic.
12:21 of 2nd period - Minor Penalty to Carson Soucy for Interference.
12:22 of 2nd period - Sam Reinhart wins face-off versus Marco Kasper in Pittsburgh Penguins zone.
12:28 of 2nd period - Slapshot by Sam Reinhart.
12:28 of 2nd period - Shot Misses the Net.
12:48 of 2nd period - Ryan O'Reilly is hit by Dmitri Voronkov and loses puck.
12:55 of 2nd period - Wrist shot by Jean-Gabriel Pageau.
12:55 of 2nd period - Shot Misses the Net.
13:09 of 2nd period - Wrist shot by Mitchell Marner.
13:09 of 2nd period - Deflect By Leon Draisaitl.
13:09 of 2nd period - Stopped by Anthony Stolarz with a rebound.
13:17 of 2nd period - Slapshot by Jack Roslovic.
13:17 of 2nd period - Goal by Jack Roslovic - Nashville Predators : 3 - Pittsburgh Penguins : 1.
13:18 of 2nd period - Pius Suter wins face-off versus Ryan O'Reilly in neutral zone.
13:48 of 2nd period - Slapshot by Leon Draisaitl.
13:48 of 2nd period - Stopped by Anthony Stolarz with a rebound.
13:50 of 2nd period - Wrist shot by Brian Dumoulin.
13:50 of 2nd period - Stopped by Anthony Stolarz without a rebound.
13:51 of 2nd period - Eetu Luostarinen wins face-off versus Leon Draisaitl in Nashville Predators zone.
14:23 of 2nd period - Slapshot by Marco Kasper.
14:23 of 2nd period - Deflect By Yegor Chinakhov.
14:23 of 2nd period - Shot Misses the Net.
14:23 of 2nd period - Puck is out of play.
14:24 of 2nd period - Ryan O'Reilly wins face-off versus Jean-Gabriel Pageau in Pittsburgh Penguins zone.
14:48 of 2nd period - Icing by Dmitri Voronkov.
14:49 of 2nd period - Pius Suter wins face-off versus Pavel Buchnevich in Nashville Predators zone.
14:49 of 2nd period - Pius Suter is hit by Blake Coleman.
14:54 of 2nd period - Off-side.
14:55 of 2nd period - Pavel Buchnevich wins face-off versus Pius Suter in neutral zone.
14:59 of 2nd period - Off-side.
15:00 of 2nd period - Ryan O'Reilly wins face-off versus Pius Suter in neutral zone.
15:11 of 2nd period - John-Jason Peterka is hit by Gabriel Vilardi.
15:25 of 2nd period - Jordan Spence is hit by Sam Reinhart and loses puck.
15:44 of 2nd period - Carson Soucy is hit by Ryan Hartman and loses puck.
15:53 of 2nd period - Backhand shot by Jack Roslovic.
15:53 of 2nd period - Stopped by John Gibson with a rebound.
15:55 of 2nd period - Wrist shot by Jack Roslovic.
15:55 of 2nd period - Shot Misses the Net.
16:04 of 2nd period - Icing by Carson Soucy.
16:05 of 2nd period - Jean-Gabriel Pageau wins face-off versus Pavel Buchnevich in Pittsburgh Penguins zone.
16:06 of 2nd period - Wrist shot by Dmitri Voronkov.
16:06 of 2nd period - Deflect By Jean-Gabriel Pageau.
16:06 of 2nd period - Shot Blocked by Pavel Buchnevich.
16:06 of 2nd period - Puck is out of play.
16:07 of 2nd period - Jean-Gabriel Pageau wins face-off versus Pavel Buchnevich in Pittsburgh Penguins zone.
16:17 of 2nd period - Minor Penalty to Dmitri Voronkov for Boarding.
16:18 of 2nd period - Ryan O'Reilly wins face-off versus Jean-Gabriel Pageau in Nashville Predators zone.
16:54 of 2nd period - Icing by Sam Reinhart.
16:55 of 2nd period - Jean-Gabriel Pageau wins face-off versus Mitchell Marner in Pittsburgh Penguins zone.
17:14 of 2nd period - Snap shot by Tage Thompson.
17:14 of 2nd period - Shot Misses the Net.
17:41 of 2nd period - Off-side.
17:42 of 2nd period - Yegor Sharangovich wins face-off versus Ryan O'Reilly in neutral zone.
17:47 of 2nd period - Tage Thompson is hit by Rasmus Andersson and loses puck.
18:15 of 2nd period - Slapshot by Mitchell Marner.
18:15 of 2nd period - Shot Misses the Net.
18:17 of 2nd period - Penalty to Dmitri Voronkov is over, Dmitri Voronkov is back on ice.
18:17 of 2nd period - Snap shot by Sam Reinhart.
18:17 of 2nd period - Stopped by Anthony Stolarz with a rebound.
18:19 of 2nd period - Wrist shot by Leon Draisaitl.
18:19 of 2nd period - Stopped by Anthony Stolarz without a rebound.
18:20 of 2nd period - Marco Kasper wins face-off versus Pavel Buchnevich in Nashville Predators zone.
18:31 of 2nd period - Snap shot by Marco Kasper.
18:31 of 2nd period - Stopped by John Gibson with a rebound.
18:33 of 2nd period - Wrist shot by Robby Fabbri.
18:33 of 2nd period - Stopped by John Gibson with a rebound.
18:35 of 2nd period - Slapshot by Jordan Spence.
18:35 of 2nd period - Stopped by John Gibson with a rebound.
18:45 of 2nd period - Ryan O'Reilly is hit by Jack Roslovic and loses puck.
19:57 of 2nd period - Minor Penalty to Kale Clague for Slashing.
19:58 of 2nd period - Marco Kasper wins face-off versus Mitchell Marner in Pittsburgh Penguins zone.
Goals for this period are 2 for Nashville Predators vs 1 for Pittsburgh Penguins.
Shots for this period are 13 for Nashville Predators vs 16 for Pittsburgh Penguins.
3rd period
0:01 of 3rd period - John-Jason Peterka wins face-off versus Mitchell Marner in neutral zone.
0:04 of 3rd period - Slapshot by Rasmus Andersson.
0:04 of 3rd period - Shot Blocked by Carson Soucy.
0:06 of 3rd period - Snap shot by Marco Kasper.
0:06 of 3rd period - Shot Misses the Net.
1:57 of 3rd period - Penalty to Kale Clague is over, Kale Clague is back on ice.
2:28 of 3rd period - Brandon Montour is hit by Pavel Buchnevich and loses puck.
2:37 of 3rd period - Ryan Hartman is hit by Blake Coleman and loses puck.
3:07 of 3rd period - Slapshot by Yegor Sharangovich.
3:07 of 3rd period - Stopped by John Gibson with a rebound.
3:11 of 3rd period - Snap shot by Yegor Sharangovich.
3:11 of 3rd period - Shot Misses the Net.
3:13 of 3rd period - Slapshot by Dante Fabbro.
3:13 of 3rd period - Shot Misses the Net.
3:31 of 3rd period - Wrist shot by Ryan Hartman.
3:31 of 3rd period - Stopped by John Gibson without a rebound.
3:32 of 3rd period - Ryan O'Reilly wins face-off versus John-Jason Peterka in Pittsburgh Penguins zone.
4:01 of 3rd period - Wrist shot by Jean-Gabriel Pageau.
4:01 of 3rd period - Shot Misses the Net.
4:03 of 3rd period - Slapshot by Simon Benoit.
4:03 of 3rd period - Stopped by John Gibson with a rebound.
4:05 of 3rd period - Wrist shot by Jani Nyman.
4:05 of 3rd period - Deflect By Jean-Gabriel Pageau.
4:05 of 3rd period - Shot Blocked by Travis Sanheim.
4:05 of 3rd period - Puck is out of play.
4:06 of 3rd period - Pius Suter wins face-off versus Leon Draisaitl in Pittsburgh Penguins zone.
4:40 of 3rd period - Slapshot by Jordan Spence.
4:40 of 3rd period - Stopped by John Gibson without a rebound.
4:41 of 3rd period - Leon Draisaitl wins face-off versus Pius Suter in Pittsburgh Penguins zone.
4:41 of 3rd period - Leon Draisaitl is hit by Eetu Luostarinen.
4:51 of 3rd period - Slapshot by Erik Karlsson.
4:51 of 3rd period - Stopped by Anthony Stolarz without a rebound.
4:52 of 3rd period - Pius Suter wins face-off versus Ryan O'Reilly in Nashville Predators zone.
4:57 of 3rd period - Slapshot by Eetu Luostarinen.
4:57 of 3rd period - Stopped by John Gibson without a rebound.
4:58 of 3rd period - Pius Suter wins face-off versus Ryan O'Reilly in Pittsburgh Penguins zone.
5:24 of 3rd period - Kale Clague is hit by Jani Nyman and loses puck.
5:29 of 3rd period - Snap shot by Jani Nyman.
5:29 of 3rd period - Deflect By Dmitri Voronkov.
5:29 of 3rd period - Stopped by John Gibson without a rebound.
5:30 of 3rd period - Leon Draisaitl wins face-off versus Jean-Gabriel Pageau in Pittsburgh Penguins zone.
5:30 of 3rd period - Leon Draisaitl is hit by Simon Benoit.
5:44 of 3rd period - Slapshot by Dmitri Voronkov.
5:44 of 3rd period - Stopped by John Gibson with a rebound.
5:56 of 3rd period - Eetu Luostarinen is hit by Travis Sanheim and loses puck.
6:01 of 3rd period - Snap shot by Pavel Buchnevich.
6:01 of 3rd period - Deflect By Jordan Eberle.
6:01 of 3rd period - Stopped by Anthony Stolarz with a rebound.
7:38 of 3rd period - Minor Penalty to Kale Clague for Hooking.
7:39 of 3rd period - Mitchell Marner wins face-off versus Marco Kasper in Pittsburgh Penguins zone.
7:50 of 3rd period - Slapshot by Ryan O'Reilly.
7:50 of 3rd period - Shot Blocked by Rasmus Andersson.
7:52 of 3rd period - Backhand shot by Travis Sanheim.
7:52 of 3rd period - Shot Blocked by John-Jason Peterka.
7:54 of 3rd period - Slapshot by Travis Sanheim.
7:54 of 3rd period - Deflect By John-Jason Peterka.
7:54 of 3rd period - Stopped by Anthony Stolarz with a rebound.
7:56 of 3rd period - Snap shot by Ryan O'Reilly.
7:56 of 3rd period - Shot Blocked by Marco Kasper.
7:58 of 3rd period - Slapshot by Travis Sanheim.
7:58 of 3rd period - Stopped by Anthony Stolarz without a rebound.
7:59 of 3rd period - Jean-Gabriel Pageau wins face-off versus Mitchell Marner in Nashville Predators zone.
8:12 of 3rd period - Wrist shot by Jean-Gabriel Pageau.
8:12 of 3rd period - Stopped by John Gibson without a rebound.
8:13 of 3rd period - Marco Kasper wins face-off versus Mitchell Marner in Pittsburgh Penguins zone.
8:26 of 3rd period - Slapshot by Pius Suter.
8:26 of 3rd period - Stopped by John Gibson without a rebound.
8:27 of 3rd period - Marco Kasper wins face-off versus Mitchell Marner in Pittsburgh Penguins zone.
9:38 of 3rd period - Penalty to Kale Clague is over, Kale Clague is back on ice.
9:50 of 3rd period - Icing by Ryan O'Reilly.
9:51 of 3rd period - Blake Coleman wins face-off versus Jack Roslovic in Pittsburgh Penguins zone.
10:16 of 3rd period - Zemgus Girgensons is hit by Dmitri Voronkov.
11:07 of 3rd period - Off-side.
11:08 of 3rd period - Leon Draisaitl wins face-off versus Pius Suter in neutral zone.
11:19 of 3rd period - Wrist shot by Eetu Luostarinen.
11:19 of 3rd period - Shot Misses the Net.
11:38 of 3rd period - Slapshot by Erik Karlsson.
11:38 of 3rd period - Shot Blocked by Simon Benoit.
11:40 of 3rd period - Snap shot by Erik Karlsson.
11:40 of 3rd period - Deflect By Jean-Gabriel Pageau.
11:40 of 3rd period - Stopped by Anthony Stolarz without a rebound.
11:41 of 3rd period - Ryan O'Reilly wins face-off versus Jean-Gabriel Pageau in Nashville Predators zone.
12:04 of 3rd period - Wrist shot by Dmitri Voronkov.
12:04 of 3rd period - Shot Misses the Net.
12:06 of 3rd period - Wrist shot by Dmitri Voronkov.
12:06 of 3rd period - Stopped by John Gibson without a rebound.
12:07 of 3rd period - Leon Draisaitl wins face-off versus Eetu Luostarinen in Pittsburgh Penguins zone.
12:18 of 3rd period - Snap shot by Eetu Luostarinen.
12:18 of 3rd period - Shot Misses the Net.
12:20 of 3rd period - Slapshot by Rasmus Andersson.
12:20 of 3rd period - Deflect By Eetu Luostarinen.
12:20 of 3rd period - Shot Misses the Net.
12:20 of 3rd period - Puck is out of play.
12:21 of 3rd period - Ryan O'Reilly wins face-off versus Marco Kasper in Pittsburgh Penguins zone.
12:34 of 3rd period - Slapshot by Tage Thompson.
12:34 of 3rd period - Stopped by Anthony Stolarz with a rebound.
12:36 of 3rd period - Minor Penalty to Robby Fabbri for High sticking.
12:37 of 3rd period - Ryan O'Reilly wins face-off versus Eetu Luostarinen in Nashville Predators zone.
14:36 of 3rd period - Penalty to Robby Fabbri is over, Robby Fabbri is back on ice.
14:51 of 3rd period - Jordan Spence is hit by Pavel Buchnevich.
14:54 of 3rd period - Off-side.
14:55 of 3rd period - Marco Kasper wins face-off versus Phillip Danault in neutral zone.
15:06 of 3rd period - Marco Kasper is hit by Zemgus Girgensons and loses puck.
15:23 of 3rd period - Snap shot by Dmitri Voronkov.
15:23 of 3rd period - Shot Misses the Net.
16:20 of 3rd period - Carson Soucy is hit by Jani Nyman and loses puck.
16:40 of 3rd period - Off-side.
16:41 of 3rd period - Jack Roslovic wins face-off versus Pavel Buchnevich in neutral zone.
16:55 of 3rd period - Snap shot by Blake Coleman.
16:55 of 3rd period - Stopped by Anthony Stolarz with a rebound.
16:57 of 3rd period - Slapshot by Jordan Eberle.
16:57 of 3rd period - Shot Blocked by Simon Benoit.
17:07 of 3rd period - Christian Dvorak is hit by Marco Kasper and loses puck.
17:36 of 3rd period - Snap shot by John-Jason Peterka.
17:36 of 3rd period - Stopped by John Gibson with a rebound.
17:52 of 3rd period - Backhand shot by Dmitri Voronkov.
17:52 of 3rd period - Shot Blocked by Erik Karlsson.
17:54 of 3rd period - Snap shot by Dmitri Voronkov.
17:54 of 3rd period - Shot Blocked by Gabriel Vilardi.
17:56 of 3rd period - Snap shot by Jani Nyman.
17:56 of 3rd period - Shot Blocked by Erik Karlsson.
18:02 of 3rd period - Minor Penalty to Ryan O'Reilly for Interference.
18:03 of 3rd period - John-Jason Peterka wins face-off versus Sam Reinhart in Pittsburgh Penguins zone.
18:04 of 3rd period - Wrist shot by Marco Kasper.
18:04 of 3rd period - Shot Misses the Net.
18:28 of 3rd period - Brian Dumoulin is hit by Brandon Montour and loses puck.
19:00 of 3rd period - Jean-Gabriel Pageau is hit by Travis Sanheim and loses puck.
19:19 of 3rd period - Carson Soucy is hit by Pius Suter and loses puck.
19:48 of 3rd period - John-Jason Peterka is hit by Sam Reinhart and loses puck.
Goals for this period are 0 for Nashville Predators vs 0 for Pittsburgh Penguins.
Shots for this period are 11 for Nashville Predators vs 7 for Pittsburgh Penguins.
Back to the Top